 Dungeon Crawl Stone Soup version 0.30-a0-457-g4b7bca3bfa (webtiles) character file.

Game seed: 12551870021909227271

134 Brandom the Grasshopper (level 4, -3/39 HPs)
             Began as an Armataur Warper on Dec 13, 2022.
             Slain by a gnoll
             ... wielding a +0 halberd
              (5 damage)
             ... on level 4 of the Dungeon.
             The game lasted 00:09:02 (3041 turns).

Brandom the Grasshopper (Armataur Warper)           Turns: 3041, Time: 00:09:03

Health: -3/39      AC:  7    Str: 16    XL:     4   Next: 95%
Magic:  7/7        EV:  5    Int: 16    God:
Gold:   1111       SH:  5    Dex:  9    Spells: 5/7 levels left

rFire   . . .      SeeInvis .    a - +0 falchion
rCold   . . .      Faith    .    (no shield)
rNeg    . . .      Spirit   .    f - +0 chain mail
rPois   .          Reflect  +    (no helmet)
rElec   .          Harm     .    (no cloak)
rCorr   .          Roll     +    (no gloves)
Will    .....                    (no barding)
Stlth   ..........               m - amulet of reflection
HPRegen 0.26/turn                (no ring)
MPRegen 0.10/turn                (no ring)

@: no status effects
A: large, rugged brown scales 3, deformed body, armoured tail, roll, long
tongue, awkward tongue
a: no special abilities


You were on level 4 of the Dungeon.
You visited 1 branch of the dungeon, and saw 4 of its levels.

You collected 1111 gold pieces.

Inventory:

Hand Weapons
 a - a +0 falchion (weapon)
Missiles
 d - 3 boomerangs of dispersal (quivered) {!f}
 o - a throwing net {!f}
Armour
 b - a +0 leather armour
 f - a +0 chain mail (worn)
   (You found it on level 1 of the Dungeon)
 i - a +0 leather armour
   (You found it on level 1 of the Dungeon)
 k - a +0 scale mail
   (You found it on level 1 of the Dungeon)
 r - a +0 ring mail
   (You found it on level 2 of the Dungeon)
 t - a +0 leather armour
   (You found it on level 4 of the Dungeon)
 u - a +0 leather armour
   (You found it on level 3 of the Dungeon)
 v - a +0 leather armour
   (You found it on level 4 of the Dungeon)
 w - a +0 leather armour
   (You found it on level 3 of the Dungeon)
 x - a +0 leather armour
   (You found it on level 4 of the Dungeon)
Jewellery
 e - an amulet of magic regeneration
   (You found it on level 2 of the Dungeon)
 m - an amulet of reflection (around neck)
   (You found it on level 1 of the Dungeon)
 s - a ring of wizardry
   (You found it on level 3 of the Dungeon)
Scrolls
 c - 4 scrolls of blinking
 l - a scroll of teleportation {@r4}
 p - 2 scrolls of noise {!r}
 y - a scroll of identify {@r1}
Potions
 g - a potion of resistance
 h - a potion of ambrosia
 j - 3 potions of might
 n - 2 potions of curing {@q1}
 q - 2 potions of lignification {!q}


   Skills:
 + Level 2.5 Fighting
 + Level 2.5 Long Blades
 - Level 0.8 Throwing
 + Level 2.7 Armour
 - Level 2.0 Dodging
 - Level 2.0 Spellcasting
 + Level 3.7 Translocations


You had 5 spell levels left.
You knew the following spells:

 Your Spells              Type           Power      Damage    Failure   Level
b - Blink                 Tloc           26%        N/A       77%         2

Your spell library contained the following spells:

 Spells                   Type           Power      Damage    Failure   Level
 Lesser Beckoning         Tloc           26%        N/A       94%         3
 Teleport Other           Tloc           13%        N/A       94%         3
 Momentum Strike          Conj/Tloc      14%        3d8       95%         2
 Ensorcelled Hibernation  Hex/Ice        2%         N/A       99%         2
 Passwall                 Tmut/Erth      0%         N/A       99%         2
 Vhi's Electric Charge    Tloc/Air       14%        N/A       99%         3
 Inner Flame              Hex/Fire       1%         N/A       100%        3
 Swiftness                Air            1%         N/A       100%        3
 Flame Wave               Conj/Fire      1%         2d4       100%        4
 Manifold Assault         Tloc           13%        N/A       100%        4
 Sticky Flame             Conj/Fire      1%         2d3       100%        4


Dungeon Overview and Level Annotations

Branches:
Dungeon (4/15)
 Temple: D:4-7

Altars:
Kikubaaqudgha


Innate Abilities, Weirdness & Mutations

You are completely covered in rugged brown scales. (AC +3, +7% HP)
Armour fits poorly on your strangely shaped body.
You have a long armoured tail.
You roll when moving toward enemies. (Rampage)
Your long tongue fully drains potion bottles. (2x potion effects)
Your tongue gives you trouble enunciating. (1.5x scroll delay)


Message History

Hit: a) +0 falchion
Aim: a gnoll, wielding a +0 spear of flaming (about 40% to evade your +0 falchion)
Your weapon can't reach that far!
Okay, then.
Okay, then.
Throw: 7 boomerangs (disperse) {!f}
Aim: a gnoll, wielding a +0 spear of flaming (58% to hit)
You throw a boomerang of dispersal {!f}.
The boomerang of dispersal {!f} hits the gnoll.
The gnoll blinks!
A nearby plant withers and dies.
You block the gnoll's attack.
You hit the gnoll.
Your tail-slap misses the gnoll.
You block the gnoll's attack.
You hit the gnoll. The gnoll barely misses you.
The gnoll hits you with a +0 spear of flaming.
The gnoll burns you.
You hit the gnoll.
You kill the gnoll!
You hear a splash.
No reachable target in view!
No reachable target in view!
Throw: 6 boomerangs (disperse) {!f}
Aim: a gnoll, wielding a +0 halberd (58% to hit)
You throw a boomerang of dispersal {!f}.
The boomerang of dispersal {!f} hits the gnoll.
The gnoll blinks!
Throw: 5 boomerangs (disperse) {!f}
Aim: a gnoll, wielding a +0 halberd (lightly wounded, 58% to hit)
You throw a boomerang of dispersal {!f}.
The boomerang of dispersal {!f} hits the gnoll but does no damage.
Throw: 4 boomerangs (disperse) {!f}
Aim: a gnoll, wielding a +0 halberd (lightly wounded, 58% to hit)
You throw a boomerang of dispersal {!f}.
The boomerang of dispersal {!f} hits the gnoll.
The gnoll blinks!
The gnoll hits you from afar with a +0 halberd!
The gnoll completely misses you. You block the gnoll's attack.
You hit the gnoll. The gnoll hits you with a +0 halberd.
* * * LOW HITPOINT WARNING * * *
You hit the gnoll. The gnoll hits you with a +0 halberd.
* * * LOW HITPOINT WARNING * * *
Unknown command.
You closely miss the gnoll. You block the gnoll's attack.
Unknown command.
You barely miss the gnoll. The gnoll hits you with a +0 halberd!
* * * LOW HITPOINT WARNING * * *
You barely miss the gnoll. You block the gnoll's attack.
The gnoll hits you with a +0 halberd.
You die...

#≈≈ ###. #..######
#≈≈##... ##........
#≈≈≈#..# #...###### #
#≈≈≈#..# #.#.#
#.#≈≈≈.~.# ####.#.####
#.~≈≈~~..####....#....#
#.~≈≈≈.!.##....#.####.#
..~≈≈P.g.†..#..<.#....#
#.~≈≈~≈~@######(.#.####
#..≈≈≈≈..# #..#.#
#..g≈≈≈).# #....##
#.~~≈≈~..# ##.###.##
###.~(≈≈~~.# ###.##
##.#### ...!~.≈~..#
#...# #....# .#
....≈≈~~.###...##
##.#... .##
#.~≈≈P~..##..#.###.##...
..#
#..~≈~.......##...###...


You could see 2 gnolls.

Vanquished Creatures
  4 adders
  2 gnolls (D:4)
  2 worms (D:3)
  A dart slug (D:2)
  An orc (D:4)
  5 ball pythons
  7 endoplasms
  4 giant cockroaches
  4 goblins
  4 hobgoblins
  11 jackals
  A quokka (D:1)
  6 bats
  3 frilled lizards
  4 kobolds
  8 rats
67 creatures vanquished.

Vanquished Creatures (others)
  4 plants (D:4)
4 creatures vanquished.

Grand Total: 71 creatures vanquished

Notes
Turn   | Place    | Note
-------+----------+-------------------------------------------
     0 | D:1      | Brandom the Armataur Warper began the quest for the Orb.
     0 | D:1      | Reached XP level 1. HP: 18/18 MP: 3/3
   121 | D:1      | Reached XP level 2. HP: 23/25 MP: 4/4
   140 | D:1      | Learned a level 2 spell: Blink
   660 | D:1      | Reached XP level 3. HP: 20/31 MP: 6/6
  1170 | D:2      | Found a faded altar of an unknown god.
  1465 | D:2      | Reached XP level 4. HP: 38/38 MP: 7/7
  1992 | D:3      | Found an ancient bone altar of Kikubaaqudgha.
  2660 | D:4      | Identified a scroll of acquirement
  2662 | D:4      | Acquired 988 gold pieces
  3041 | D:4      | Slain by a gnoll

Illustrated notes

Levels and vault maps discovered:
D:1:      minmay_arrival_five_plusses, layout_basic, serial_corexii_hall,
          corexii_hall_statues_deadend, corexii_hall_statues_x,
          chequers_hall_statues_wall_a, chequers_hall_statues_y
D:2:      layout_basic, nicolae_ecumenical_lake_church,
          minmay_stone_trees_small, hex_intersection
D:3:      layout_basic, mainiacjoe_overflow_surrounded_room
D:4:      layout_loops_ring, serial_shops, nicolae_shop_behind_doors,
          chequers_big_river, chequers_arboretum, kennysheep_generic_room_8

Skill      XL: |  1  2  3  4 |
---------------+-------------+-----
Fighting       | 2 |  2.5
Long Blades    | 2 |  2.5
Spellcasting   | 2 |  2.0
Armour         | 2 |  2.7
Dodging        | 2 |  2.0
Throwing       | |  0.8
Translocations | |  3.7

Action                   |  1- 3 |  4- 6 || total
-------------------------+-------+-------++-------
Melee: Falchion          |   171 |    92 ||   263
       Tailslap          |    20 |     6 ||    26
Throw: Boomerang         |       |     4 ||     4
  Use: Scroll            |     2 |     9 ||    11
       Potion            |       |     1 ||     1
Armor: Chain mail        |   127 |    38 ||   165
       Leather armour    |     2 |       ||     2
Dodge: Dodged            |    39 |    22 ||    61
Block: Other             |    22 |    25 ||    47
       Reflection        |       |     3 ||     3

Table legend: (Time is in decaauts)
 A = Elapsed time spent in this place.
 B = Non-inter-level travel time spent in this place.
 C = Inter-level travel time spent in this place.
 D = Time resting spent in this place.
 E = Time spent auto-exploring this place.
 F = Levels seen in this place.
 G = Mean time per level.
                   A        B        C        D        E       F      G
               +--------+--------+--------+--------+--------+-----+--------+
         Total |   3100 |   2816 |    284 |     97 |   1990 |   4 |  775.0 |
       Dungeon |   3100 |   2816 |    284 |     97 |   1990 |   4 |  775.0 |
               +--------+--------+--------+--------+--------+-----+--------+

Top non-repeatable levels by time:
     D:1: 1010 daAuts
     D:2: 1001 daAuts
     D:3: 578 daAuts
     D:4: 509 daAuts
